 Dungeon Crawl Stone Soup version 0.27-a0-1177-g245c70e (webtiles) character file.

Game seed: 6840439508303277027

8479 Meow the Fighter (level 11, -2/114 HPs)
             Began as a Naga Venom Mage on May 16, 2021.
             Was an Initiate of Gozag.
             Slain by a troll (11 damage)
             ... on level 10 of the Dungeon.
             The game lasted 00:44:27 (9436 turns).

Meow the Fighter (Naga Venom Mage)                  Turns: 9436, Time: 00:44:27

Health: -2/114     AC:  4    Str: 11    XL:     11   Next: 31%
Magic:  15/29      EV: 11    Int: 19    God:    Gozag
Gold:   371        SH:  0    Dex: 11    Spells: 15/22 levels left

rFire    . . .     SeeInvis +   b - +1 hand axe (elec)
rCold    . . .     Faith    .   (no shield)
rNeg     . . .     Spirit   .   c - +0 robe
rPois    +         Reflect  .   (no helmet)
rElec    .         Harm     .   (no cloak)
rCorr    .         Rampage  .   (no gloves)
Will     +....                  (no barding)
Stlth    ++........             A - amulet of regeneration
HPRegen  1.29/turn              j - ring of magical power
MPRegen  0.21/turn              (no ring)

@: gold aura, very slow
A: AC +3, large, see invisible, deformed body, poison resistance, slowness 2,
spit poison 1, naga tail 1
a: Spit Poison, Renounce Religion, Potion Petition, Call Merchant, Bribe Branch


You were on level 10 of the Dungeon.
You worshipped Gozag.
Gozag was aware of your devotion.
You visited 3 branches of the dungeon, and saw 12 of its levels.

You collected 1205 gold pieces.
You spent 330 gold pieces at shops.
You paid 504 gold pieces to Gozag.

Inventory:

Hand Weapons
 a - a +0 arbalest
 b - a +1 hand axe of electrocution (weapon)
 w - a +2 whip of holy wrath
Missiles
 e - 236 arrows
 f - 2 throwing nets
 l - 444 stones
 n - 87 sling bullets
 o - 58 poisoned darts (quivered)
 y - 7 bolts
Armour
 c - a +0 robe (worn)
 D - a +0 kite shield
Jewellery
 h - a ring of fire
 j - a ring of magical power (left hand)
 s - an amulet of reflection
 A - an amulet of regeneration (around neck)
 B - a ring of magical power
Wands
 z - a wand of polymorph (6)
Scrolls
 g - 4 scrolls of teleportation
 m - a scroll of immolation
 p - a scroll of fear
 r - a scroll of summoning
 t - a scroll of fog {unknown}
 u - a scroll of enchant armour
 v - a scroll of enchant weapon {unknown}
Potions
 d - 3 potions of lignification
 i - a potion of flight
 k - 2 potions of cancellation
 q - 3 potions of curing
 x - 4 potions of haste
 C - a potion of ambrosia


   Skills:
 - Level 12.0 Fighting
 + Level 6.3 Dodging
 - Level 3.0 Stealth
 + Level 4.3 Shields
 - Level 6.0 Spellcasting
 - Level 1.0 Transmutations
 - Level 8.0 Poison Magic


You had 15 spell levels left.
You knew the following spells:

 Your Spells              Type           Power      Damage    Failure   Level
a - Sting                 Tmut/Pois      88%        1d7       1%          1
c - Mephitic Cloud        Conj/Pois/Air  15%        N/A       12%         3
C - Ignite Poison         Fire/Tmut/Pois 17%        N/A       10%         3

Your spell library contained the following spells:

 Spells                   Type           Power      Damage    Failure   Level
 Poisonous Vapours        Pois/Air       40%        N/A       3%          2
 Olgreb's Toxic Radiance  Pois           36%        N/A       4%          4
 Animate Skeleton         Necr           10%        N/A       11%         1
 Pain                     Necr           20%        1d5       11%         1
 Vampiric Draining        Necr           2%         2d6       32%         3
 Animate Dead             Necr           2%         N/A       73%         4
 Agony                    Necr           5%         N/A       97%         5


Dungeon Overview and Level Annotations

Branches:
Dungeon (10/15)            Temple (1/1) D:5             Orc (1/2) D:9
   Lair: D:8-11

Altars:
Ashenzari
Cheibriados
Dithmenos
Elyvilon
Fedhas
Gozag
Hepliaklqana
Kikubaaqudgha
Makhleb
Okawaru
Qazlal
Ru
Sif Muna
Trog
Uskayaw
Vehumet
Wu Jian
Xom
Yredelemnul
Zin
The Shining One

Shops:
D:8 *

Annotations:
D:2 1 runed translucent door, Crazy Yiuf
D:10 Maggie, Sonja


Innate Abilities, Weirdness & Mutations

Your serpentine skin is tough. (AC +3)
You have supernaturally acute eyesight. (SInv)
Armour fits poorly on your strangely shaped body.
Your system is resistant to poisons. (rPois)
You cover ground very slowly.
You can spit poison.
You have a snake-like lower body.


Message History

Aiming: Mephitic Cloud (mildly dangerous; 12% risk of failure)
Press: ? - help, Shift-Dir - straight line The ball explodes into a vile cloud!
The stinking cloud engulfs the two-headed ogre but does no damage.
The two-headed ogre is engulfed in noxious fumes.
Unknown command.
Unknown command.
You feel a bit more experienced.
The two-headed ogre is engulfed in noxious fumes.
The two-headed ogre appears confused.
Maggie gestures wildly while chanting.
Maggie attempts to bespell you! You resist with some effort.
Unknown command.
You feel a bit more experienced.
Sonja, the Graceful Assassin comes into view.
She is wielding a +2 dagger of distortion and quivering curare-tipped darts.
The two-headed ogre is engulfed in noxious fumes.
The two-headed ogre appears confused.
The two-headed ogre hits you with a +0 dire flail!!
The two-headed ogre hits you with a +0 giant spiked club!!
* * * LOW HITPOINT WARNING * * *
Sonja shouts!
Your surroundings suddenly seem different.
A troll comes into view.
The troll misses you. The troll claws you but does no damage.
The troll claws you.
* * * LOW HITPOINT WARNING * * *
Found a scroll of identify.
You completely miss the troll. The troll bites you but does no damage.
The troll claws you.
* * * LOW HITPOINT WARNING * * *
The troll claws you.
* * * LOW HITPOINT WARNING * * *
You barely miss the troll. The troll misses you. The troll claws you!
* * * LOW HITPOINT WARNING * * *
The troll misses you.
Unknown command.
You completely miss the troll.
You feel a bit more experienced. The troll bites you!
You die...
Your body crumbles into a pile of gold.

#. #.# #.
#.# #.
#.# #.#
#.# #.#
#T# #@#
#....?...
#.######.
#.# ...
###


You could see a troll.

Vanquished Creatures
  A two-headed ogre (D:9)
  Joseph (D:9)
  2 kobold demonologists (D:10)
  A wraith (D:9)
  18 yaks
  Grum (D:8)
  4 water moccasins
  An orc warrior (D:8)
  A sky beast (D:7)
  2 ice beasts
  A black bear (D:7)
  5 ogres
  3 wolves (D:8)
  5 centaurs
  2 bullfrogs
  A kobold brigand (D:9)
  A scorpion (D:4)
  2 wights (D:9)
  23 killer bees
  3 howler monkeys
  2 bullfrog zombies
  A centaur skeleton (D:6)
  2 centaur zombies
  2 gnoll shamans
  3 orc priests
  4 hounds
  A jelly (D:6)
  Jessica (D:2)
  4 iguanas
  5 orc wizards
  3 killer bee zombies
  A hound zombie (D:5)
  A hound skeleton (D:4)
  2 howler monkey zombies
  7 gnolls
  A howler monkey skeleton (D:6)
  9 adders
  2 shadow imps
  A white imp (D:6)
  An adder skeleton (D:4)
  A worm (D:2)
  34 orcs
  11 ball pythons
  6 bats
  4 endoplasms (D:2)
  3 giant cockroaches
  9 goblins
  8 hobgoblins
  4 jackals
  A quokka (D:1)
  3 frilled lizards
  17 kobolds
  7 rats
239 creatures vanquished.

Vanquished Creatures (collateral kills)
  A killer bee (Orc:1)
1 creature vanquished.

Vanquished Creatures (others)
  A two-headed ogre (D:9)
  A kobold demonologist (D:9)
  2 orc warriors (D:9)
  A centaur (D:9)
  An orc priest (D:9)
  2 plants (D:2)
8 creatures vanquished.

Grand Total: 248 creatures vanquished

Notes
Turn   | Place    | Note
-------+----------+-------------------------------------------
     0 | D:1      | Meow the Naga Venom Mage began the quest for the Orb.
     0 | D:1      | Reached XP level 1. HP: 15/15 MP: 3/3
   115 | D:1      | Found a faded altar of an unknown god.
   132 | D:1      | Reached XP level 2. HP: 22/22 MP: 3/5
   321 | D:1      | Reached XP level 3. HP: 28/28 MP: 1/6
   325 | D:1      | Learned a level 3 spell: Mephitic Cloud
   329 | D:1      | Learned a level 3 spell: Ignite Poison
   554 | D:1      | Reached skill level 5 in Poison Magic
   851 | D:2      | Reached XP level 4. HP: 36/36 MP: 5/8
   912 | D:2      | Found an ornate altar of the Wu Jian Council.
  1427 | D:2      | Reached XP level 5. HP: 42/42 MP: 8/10
  1553 | D:2      | Noticed Jessica
  1560 | D:2      | Killed Jessica
  1660 | D:2      | Found a runed translucent door.
  1661 | D:2      | Noticed Crazy Yiuf
  2360 | D:3      | Found a shimmering blue altar of Sif Muna.
  2542 | D:3      | Found an ornate altar of the Wu Jian Council.
  2634 | D:4      | Reached XP level 6. HP: 49/49 MP: 5/12
  2964 | D:4      | Reached XP level 7. HP: 55/55 MP: 9/14
  3027 | D:4      | Reached skill level 5 in Spellcasting
  3269 | D:5      | Entered Level 5 of the Dungeon
  3293 | D:5      | Found a glowing silver altar of Zin.
  3358 | D:5      | Identified the +5 trident "Utsev" {venom, *Rage rF+ Stlth+}
  3683 | D:5      | Found a staircase to the Ecumenical Temple.
  3693 | Temple   | Entered the Ecumenical Temple
  3789 | Temple   | Reached skill level 1 in Fighting
  3790 | Temple   | Reached skill level 2 in Fighting
  3974 | Temple   | Reached skill level 3 in Fighting
  3974 | Temple   | Reached XP level 8. HP: 45/69 MP: 17/17
  4252 | D:5      | Reached skill level 4 in Fighting
  4265 | D:5      | Found a bloodstained altar of Trog.
  4404 | D:5      | Reached skill level 5 in Fighting
  4854 | D:6      | Reached skill level 6 in Fighting
  5089 | D:6      | Found a stormy altar of Qazlal.
  5166 | D:6      | Found a broken altar of Ashenzari.
  5259 | D:6      | Reached skill level 7 in Fighting
  5299 | D:6      | Found a shadowy altar of Dithmenos.
  5442 | D:6      | Found an opulent altar of Gozag.
  5443 | D:6      | Found a burning altar of Makhleb.
  5449 | D:6      | Became a worshipper of Gozag Ym Sagoz the Greedy
  5987 | D:6      | Reached XP level 9. HP: 52/86 MP: 18/18
  6106 | D:7      | Reached skill level 8 in Fighting
  6570 | D:7      | Noticed an eight-headed hydra
  6588 | D:7      | Noticed a five-headed hydra
  6702 | D:8      | Reached skill level 9 in Fighting
  7117 | D:8      | Noticed Grum
  7127 | D:8      | Killed Grum
  7132 | D:8      | Reached skill level 10 in Fighting
  7211 | D:8      | Reached skill level 11 in Fighting
  7211 | D:8      | Reached XP level 10. HP: 93/104 MP: 15/19
  7312 | D:8      | Found a hazy altar of Hepliaklqana.
  7584 | D:9      | Reached skill level 12 in Fighting
  7759 | D:9      | Noticed Joseph
  7769 | D:9      | Killed Joseph
  8029 | D:9      | Killed a two-headed ogre
  8085 | D:8      | Bought a long lead wand for 120 gold pieces
  8085 | D:8      | Bought a scroll of identify for 60 gold pieces
  8085 | D:8      | Bought a scroll of identify for 60 gold pieces
  8085 | D:8      | Bought a scroll of teleportation for 90 gold pieces
  8147 | D:9      | Reached skill level 1 in Shields
  8242 | D:9      | Killed a kobold demonologist
  8381 | D:9      | Found a shimmering altar of Xom.
  8434 | D:9      | Reached skill level 5 in Dodging
  8440 | D:9      | Reached XP level 11. HP: 114/114 MP: 15/20
  8605 | D:9      | Noticed a two-headed ogre
  8920 | D:9      | Killed a two-headed ogre
  9072 | D:9      | Found a staircase to the Orcish Mines.
  9120 | Orc:1    | Entered Level 1 of the Orcish Mines
  9392 | D:10     | Entered Level 10 of the Dungeon
  9410 | D:10     | Identified the ring of Vehumet's Condemnation {rPois SInv}
  9426 | D:10     | Noticed a two-headed ogre
  9428 | D:10     | Noticed Maggie
  9432 | D:10     | Noticed Sonja
  9436 | D:10     | Slain by a troll

Illustrated notes

Levels and vault maps discovered:
D:1:      ncdulo_smallfort, layout_rooms, hellmonk_ecumenical_altar_lost_god
D:2:      cheibrodos_old_hovel, layout_loops_corners, basic_altar, uniq_jessica,
          uniq_crazy_yiuf_cottage
D:3:      layout_rooms, nicolae_wu_jian_immortal_techniques, led_sif_pool
D:4:      layout_basic, kennysheep_generic_room_5
D:5:      layout_gridville, old_standard_altar, zin_academy, temple_fountains
D:6:      layout_gridville, nicolae_overflow_crystal_walls,
          grunt_qazlal_sundering, gammafunk_temple_overflow_pools,
          nicolae_ashenzari_panopticon
D:7:      layout_loops_ring, nemelex_spade_bored_becter,
          minmay_manual_monstrance
D:8:      layout_cave_pods, general_overflow_altar, uniq_grum
D:9:      layout_stronghold, xom_confusion_cloud, orc_0_dummy, minmay_bent,
          uniq_joseph
D:10:     layout_basic, uniq_snorg, uniq_sonja, uniq_urug, uniq_maggie
Temple:   zaba_magenta_temple
Orc:1:    nicolae_orc_accident_2, layout_diamond_mine, special_room
          [special_room_bee]

Skill      XL: |  1  2  3  4  5  6  7  8  9 10 11 |
---------------+----------------------------------+-----
Poison Magic   | 5 6 7 8 |  8.0
Spellcasting   | 3 4 6 |  6.0
Fighting       | 3 7 11 12 | 12.0
Dodging        | 5 6 |  6.3
Shields        | 2 4 |  4.3
Stealth        | |  3.0
Transmutations | |  1.0

Action                   |  1- 3 |  4- 6 |  7- 9 | 10-12 || total
-------------------------+-------+-------+-------+-------++-------
Melee: Whip              |     2 |    11 |    29 |       ||    42
       Hand axe          |       |       |    12 |    26 ||    38
 Fire: Arbalest          |       |       |    38 |    21 ||    59
Throw: Stone             |       |     4 |     8 |       ||    12
       Dart              |       |     4 |       |     8 ||    12
 Cast: Sting             |    28 |    54 |    62 |    34 ||   178
       Mephitic Cloud    |     1 |     5 |    40 |    41 ||    87
       Ignite Poison     |       |     1 |    17 |    27 ||    45
Invok: Call Merchant     |       |       |       |     1 ||     1
 Abil: Spit Poison       |    32 |    54 |    53 |    28 ||   167
  Use: Scroll            |     3 |     1 |     3 |     8 ||    15
       Potion            |       |     1 |       |     1 ||     2
 Stab: Confused          |       |       |     1 |     1 ||     2
Armor: Robe              |     5 |     2 |    48 |    20 ||    75
Dodge: Dodged            |     6 |    21 |    63 |    62 ||   152
Block: Other             |       |       |    32 |       ||    32

Table legend: (Time is in decaauts)
 A = Elapsed time spent in this place.
 B = Non-inter-level travel time spent in this place.
 C = Inter-level travel time spent in this place.
 D = Time resting spent in this place.
 E = Time spent auto-exploring this place.
 F = Levels seen in this place.
 G = Mean time per level.
                   A        B        C        D        E       F      G
               +--------+--------+--------+--------+--------+-----+--------+
         Total |  11996 |  11394 |    602 |   2148 |   7190 |  12 |  999.7 |
       Dungeon |  11420 |  10844 |    576 |   1745 |   7114 |  10 | 1142.0 |
        Temple |    542 |    517 |     25 |    403 |     75 |   1 |  542.0 |
  Orcish Mines |     33 |     33 |      0 |      0 |      0 |   1 |   33.0 |
               +--------+--------+--------+--------+--------+-----+--------+

Top non-repeatable levels by time:
     D:9: 2286 daAuts
     D:6: 1860 daAuts
     D:2: 1577 daAuts
     D:5: 1334 daAuts
     D:8: 1237 daAuts
     D:1: 926 daAuts
     D:4: 921 daAuts
     D:3: 822 daAuts
  Temple: 542 daAuts
     D:7: 399 daAuts
    D:10: 54 daAuts
   Orc:1: 33 daAuts
